 Dungeon Crawl Stone Soup version 0.32-a0-643-ga006e7742e (webtiles) character file.

Game seed: 9597405461896875149

1607033 Drazool the Conqueror (level 27, 240/249 HPs)
             Began as a Coglin Hunter on Mar 6, 2024.
             Was the Champion of Okawaru.
             Escaped with the Orb
             ... and 3 runes on Mar 7, 2024!
             The game lasted 03:50:45 (77890 turns).

Drazool the Conqueror (Coglin Hunter)              Turns: 77890, Time: 03:50:46

Health: 240/249    AC: 21    Str: 13    XL:     27
Magic:  32/32      EV: 38    Int: 10    God:    Okawaru [******]
Gold:   5992       SH:  0    Dex: 29    Spells: 26/36 levels left

rFire   + . .        H - +9 hand cannon (heavy) {Yawen}
rCold   . . .        a - +0 hand cannon (heavy) {Kheti}
rNeg    . . .        v - +3 leather armour {rF+}
rPois   +            z - +2 hat {SInv}
rElec   +            L - +2 cloak {rPois}
rCorr   .            y - +3 pair of gauntlets of War {Slay+5}
SInv    +            b - +2 pair of boots
Will    +++..        (amulet unavailable)
Stlth   +            (ring unavailable)
HPRegen 0.61/turn    (ring unavailable)
MPRegen 0.23/turn    K - superpneumatic compensator {AutoDazzle, rElec Will+}

%: clarity
@: studying Polearms, revved
A: off-hand wielding, slow wielding, warmup strikes, no jewellery, clarity,
subdued magic 1, MP-powered wands
0: Orb of Zot
}: 3/15 runes: decaying, serpentine, silver
a: Renounce Religion, Heroism, Finesse, Duel


You escaped.
You worshipped Okawaru.
Okawaru was exalted by your worship.
You visited 10 branches of the dungeon, and saw 50 of its levels.
You visited the Abyss 2 times.
You also visited: Trove, Sewer, Bailey and Volcano.

You collected 7281 gold pieces.
You spent 1289 gold pieces at shops.


Innate Abilities, Weirdness & Mutations

You can wield a second weapon in your off-hand.
It takes a long time for you to wield or remove held weapons.
Your first few attacks do less damage.
You cannot equip rings or amulets.
You possess an exceptional clarity of mind.
Your spells are a little easier to cast, but a little less powerful.
You expend magic power (3 MP) to strengthen your wands.


   Skills:
 O Level 27 Fighting
 - Level 20.0 Ranged Weapons
 - Level 3.0 Throwing
 - Level 12.0 Armour
 + Level 24.9 Dodging
 - Level 3.0 Stealth
 - Level 5.0 Spellcasting
 - Level 8.0 Hexes
 - Level 10.0 Translocations
 - Level 12.0 Invocations
 - Level 15.0 Evocations


You had 26 spell levels left.
You knew the following spells:

 Your Spells              Type           Power      Damage    Failure   Level
u - Passage of Golubria   Tloc           17%        N/A       3%          4
B - Blink                 Tloc           34%        N/A       1%          2
X - Dimensional Bullseye  Hex/Tloc       7%         N/A       5%          4

Your spell library contained the following spells:

 Spells                   Type           Power      Damage    Failure   Level
 Slow                     Hex            56%        N/A       1%          1
 Jinxbite                 Hex            28%        N/A       1%          2
 Lesser Beckoning         Tloc           34%        N/A       1%          2
 Gell's Gravitas          Tloc           17%        N/A       1%          3
 Teleport Other           Tloc           17%        N/A       1%          3
 Confusing Touch          Hex            14%        N/A       2%          3
 Sigil of Binding         Hex            14%        N/A       2%          3
 Manifold Assault         Tloc           17%        N/A       3%          4
 Ensorcelled Hibernation  Hex/Ice        16%        N/A       6%          2
 Volatile Blastmotes      Fire/Tloc      18%        2d11      9%          3
 Dazzling Flash           Conj/Hex       16%        N/A       13%         3
 Inner Flame              Hex/Fire       8%         N/A       13%         3
 Freeze                   Ice            4%         1d3       22%         1
 Sandblast                Erth           2%         2d4       22%         1
 Shock                    Conj/Air       4%         1d3       22%         1
 Sting                    Conj/Alch      4%         1d3       22%         1
 Iskenderun's Mystic Bla  Conj/Tloc      9%         2d4       30%         4
 Cigotuvi's Dreadful Rot  Necr/Alch/Air  2%         N/A       34%         2
 Mercury Vapours          Alch/Air       2%         N/A       34%         2
 Scorch                   Fire           2%         2d5       34%         2
 Static Discharge         Conj/Air       2%         3-4/arc   34%         2
 Sublimation of Blood     Necr           1%         N/A       34%         2
 Anguish                  Hex/Necr       4%         N/A       41%         4
 Dispersal                Tloc           8%         N/A       52%         6
 Frozen Ramparts          Ice            2%         1d1       58%         3
 Fugue of the Fallen      Necr           1%         N/A       58%         3
 Hailstorm                Conj/Ice       1%         3d5       58%         3
 Mephitic Cloud           Conj/Alch/Air  1%         N/A       58%         3
 Ozocubu's Armour         Ice            1%         N/A       58%         3
 Passwall                 Erth           1%         N/A       58%         3
 Stone Arrow              Conj/Erth      2%         3d7       58%         3
 Vampiric Draining        Necr           1%         2d6       58%         3
 Metabolic Englaciation   Hex/Ice        4%         N/A       78%         5
 Silence                  Hex/Air        4%         N/A       78%         5
 Yara's Violent Unravell  Hex/Alch       4%         3d4       78%         5
 Airstrike                Air            0%         2d(1-17)  94%         4
 Brom's Barrelling Bould  Conj/Erth      1%         2d3       94%         4
 Flame Wave               Conj/Fire      1%         2d4       94%         4
 Ignite Poison            Fire/Alch      1%         N/A       94%         4
 Leda's Liquefaction      Alch/Erth      0%         N/A       94%         4
 Olgreb's Toxic Radiance  Alch           1%         N/A       94%         4
 Petrify                  Alch/Erth      1%         N/A       94%         4
 Sticky Flame             Fire/Alch      1%         2d4       94%         4
 Alistair's Intoxication  Alch           0%         N/A       100%        5
 Arcjolt                  Conj/Air       0%         1d10      100%        5
 Borgnjor's Vile Clutch   Necr/Erth      0%         N/A       100%        5
 Fireball                 Conj/Fire      0%         3d3       100%        5
 Freezing Cloud           Conj/Ice/Air   0%         6-21      100%        5
 Irradiate                Conj/Alch      0%         3d11      100%        5
 Iskenderun's Battlesphe  Conj           1%         2d6       100%        5
 Lee's Rapid Deconstruct  Erth           0%         3d4*      100%        5
 Bombard                  Conj/Erth      0%         9d1       100%        6
 Conjure Ball Lightning   Conj/Air       0%         3x3d6     100%        6
 Eringya's Noxious Bog    Alch           0%         4d6       100%        6
 Plasma Beam              Fire/Air       0%         2x1d10    100%        6
 Starburst                Conj/Fire      0%         6d3       100%        6
 Enfeeble                 Hex            7%         N/A       100%        7
 Orb of Destruction       Conj           0%         9d5       100%        7
 Ozocubu's Refrigeration  Ice            0%         4d7       100%        7
 Borgnjor's Revivificati  Necr           0%         N/A       100%        8
 Discord                  Hex            7%         N/A       100%        8
 Disjunction              Tloc           8%         N/A       100%        8
 Ignition                 Fire           0%         3d3       100%        8
 Lehudib's Crystal Spear  Conj/Erth      0%         10d2      100%        8
 Maxwell's Capacitive Co  Air            0%         ∞         100%        8
 Death's Door             Necr           0%         N/A       100%        9
 Fire Storm               Conj/Fire      0%         6d1       100%        9
 Tukima's Dance           Hex            Unusable   N/A       N/A         3
 Call Imp                 Summ           Unusable   N/A       N/A         2
 Call Canine Familiar     Summ           Unusable   N/A       N/A         3
 Summon Ice Beast         Ice/Summ       Unusable   N/A       N/A         3
 Animate Armour           Summ/Erth      Unusable   N/A       N/A         4
 Summon Lightning Spire   Summ/Air       Unusable   N/A       N/A         4
 Sculpt Simulacrum        Ice/Alch       Unusable   N/A       N/A         6
 Summon Cactus Giant      Summ           Unusable   N/A       N/A         6
 Haunt                    Necr/Summ      Unusable   N/A       N/A         7
 Spellforged Servitor     Conj/Summ      Unusable   N/A       N/A         7
 Summon Hydra             Summ           Unusable   N/A       N/A         7
 Dragon's Call            Summ           Unusable   N/A       N/A         9

Inventory:

Hand Weapons
 a - a +0 heavy hand cannon (offhand) {Kheti}
 s - a +4 hand cannon of freezing {Imgur-Sin}
 H - a +9 heavy hand cannon (weapon) {Yawen}
Missiles
 F - 28 silver javelins
 S - a throwing net {=f}
Armour
 b - a +2 pair of boots (worn)
 v - a +3 leather armour of fire resistance (worn)
 y - the +3 pair of gauntlets of War (worn) {Slay+5}
   (Okawaru gifted it to you on level 5 of the Lair of Beasts)

   Slay+5:    It affects your accuracy & damage with ranged weapons and melee
   (+5).
 z - a +2 hat of see invisible (worn)
 L - a +2 cloak of poison resistance (worn)
 M - the +1 cloak of the Weaver {rF+ Int+4 Stlth+}
   (You acquired it on level 3 of the Snake Pit)

   Int+4:     It affects your intelligence (+4).
   rF+:       It protects you from fire.
   Stlth+:    It makes you more stealthy.
Magical Staves
 A - a staff of air {!a}
Gizmo
 K - a superpneumatic compensator (installed) {AutoDazzle, rElec Will+}
   (You invented it yourself on level 5 of the Lair of Beasts)

   [superpneumatic compensator]

   AutoDazzle: It sometimes fires a blinding ray at enemies whose attacks you
   dodge.
   rElec:     It insulates you from electricity.
   Will+:     It increases your willpower.
Wands
 n - a wand of flame (83)
 x - a wand of mindburst (13)
 D - a wand of paralysis (24)
 J - a wand of digging (8)
 N - a wand of polymorph (26)
 O - a wand of warping (36)
 T - a wand of light (22)
Scrolls
 d - a scroll of blinking
 e - 7 scrolls of immolation
 h - 9 scrolls of amnesia
 m - 20 scrolls of teleportation {@r2}
 p - 11 scrolls of poison
 q - 2 scrolls of revelation
 w - 6 scrolls of vulnerability
 C - 11 scrolls of fog
 G - 3 scrolls of fear
Potions
 c - 7 potions of ambrosia
 f - 17 potions of curing {@q1}
 g - 5 potions of haste {@q3}
 i - 7 potions of heal wounds {@q2}
 j - 7 potions of enlightenment
 k - 8 potions of brilliance
 l - 10 potions of lignification
 r - 7 potions of mutation
 t - a potion of resistance
 u - 6 potions of invisibility
 B - 2 potions of cancellation
 I - 8 potions of magic
 P - 9 potions of attraction
 V - 2 potions of might
Miscellaneous
 o - a lightning rod (4/4)

Dungeon Overview and Level Annotations

Branches:
Dungeon (15/15)            Temple (0/1) D:6            Lair (5/5) D:9
  Swamp (4/4) Lair:2        Snake (4/4) Lair:3        Slime (0/5) Lair:5
    Orc (2/2) D:9             Elf (3/3) Orc:2        Vaults (5/5) D:13
  Crypt (3/3) Vaults:2       Tomb (0/3) Crypt:3      Depths (4/4) D:15
    Zot (5/5) Depths:4      Sewer (visited)          Bailey (visited)
Volcano (visited)

Altars:
Cheibriados
Elyvilon
Fedhas
Hepliaklqana
Kikubaaqudgha
Makhleb
Okawaru
Qazlal
Ru
Sif Muna
Uskayaw
Xom
Yredelemnul
Beogh
Jiyva

Shops:
D:1 (   D:4 =*[   D:7 *   Orc:2 !?:[   Elf:3 ([[(   Snake:2 ==:   Vaults:3 :
Vaults:4 !   Depths:3 (

Portals:
Hell: Depths:1 Depths:2 Depths:3 Depths:4
Abyss: Depths:3
Pandemonium: Depths:1 Depths:2 Depths:4
Ziggurat: Depths:2

Annotations:
Lair:2 1 runed translucent door, zewo's ghost, journeyman DrNe
Elf:1 1 runed translucent door, zenocrate's ghost, journeyman OpEE
Elf:2 3 runed translucent doors
Crypt:2 2 transporters, Dome's ghost, veteran DsSu; Hyrrirob's ghost, veteran GrEE; Waukhla's ghost, veteran KoBr
Zot:1 2 transporters

..........................###
...#......#..#.#.......##...#
#.....######.#.#.#.#.#....#.#
#.#..######.#.#.#.#...###.#.#
)..........#.#°#.#.#..# #.###
......#####.#.#.#.#...# #..#
###...# ##.~≈○≈≈.#..# ##.###
......## #.#~.[.≈#..#####...#
###....#####.~..@≈.#....####.###
##.........#~...≈#.....# #...#
##.....###.#.~≈≈≈≈.#....######.##
...#.#..##..#.#.#.#.............#
####.#..##.#.#.#.#.#....##.......
# #.##.##..#.#.#.#.....#........
####.##..#.#.#.#.#.#....#........
...#.##.................#.)......
...#.#####.......................


There were no monsters in sight!


Message History

The Executioner hits you but does no damage. x2
The Executioner closely misses you. The Executioner completely misses you.
The Executioner barely misses you. The Executioner closely misses you.
The Executioner misses you. x2; The Executioner barely misses you.
You shoot a slug. The slug hits the Executioner!!!
You kill the Executioner!
Okawaru accepts your kill.
You shoot a slug. The slug hits the large abomination!!!
The large abomination is almost destroyed.
Unknown command.
The large abomination hits you!
You shoot a slug. The slug hits the large abomination!!
You destroy the large abomination!
Okawaru accepts your kill.
You shoot a slug.
An ice devil comes into view.
You shoot a slug. The slug hits the ice devil!
The ice devil is moderately wounded.
You shoot a slug. The slug hits the ice devil!!
The ice devil is severely wounded.
The ice devil completely misses you.
You shoot a slug.
The slug completely misses the ice devil.
You shoot a slug. The slug hits the ice devil!!!
You kill the ice devil!
Okawaru accepts your kill.
Blink to where?
Press: ? - help, Dir - move target
As you read the scroll of blinking, it crumbles to dust.
You have escaped!

Skill      XL: |  1  2  3  4  5  6  7  8  9 10 11 12 13 14 15 16 17 18 19 20 21 22 23 24 25 26 27 |
---------------+----------------------------------------------------------------------------------+-----
Ranged Weapons | 4 5 6 7 8 11 13 14 15 18 20 | 20.0
Dodging        | 4 9 11 13 14 15 18 20 22 24 | 24.9
Invocations    | 5 7 8 10 11 12 | 12.0
Fighting       | 5 9 10 12 14 16 18 22 24 27 | 27.0
Stealth        | 3 |  3.0
Evocations     | 4 6 8 10 14 15 | 15.0
Armour         | 4 6 9 12 | 12.0
Throwing       | 3 |  3.0
Translocations | 2 9 10 | 10.0
Spellcasting   | 5 |  5.0
Hexes          | 4 5 8 |  8.0

Action                     |  1- 3 |  4- 6 |  7- 9 | 10-12 | 13-15 | 16-18 | 19-21 | 22-24 | 25-27 || total
---------------------------+-------+-------+-------+-------+-------+-------+-------+-------+-------++-------
  Melee: Sling             |       |     6 |       |       |       |       |       |       |       ||     6
   Fire: Sling             |   102 |   292 |   680 |  1380 |  1760 |   760 |   445 |       |       ||  5419
         Hand cannon       |       |       |       |       |   554 |   760 |  1047 |  1822 |  1952 ||  6135
         Greatsling        |       |       |       |       |       |       |   204 |       |       ||   204
  Throw: Dart              |       |       |     2 |     1 |       |       |       |       |       ||     3
   Cast: Dimensional Bulls |       |       |       |       |       |       |    18 |    11 |    42 ||    71
         Blink             |       |       |       |       |       |       |     1 |       |       ||     1
         Passage of Golubr |       |       |       |       |       |       |     1 |       |       ||     1
 Invoke: Heroism           |       |       |       |     8 |     5 |     4 |     2 |     1 |     4 ||    24
         Finesse           |       |       |       |     4 |     2 |     4 |     2 |     1 |     6 ||    19
         Receive Weapon    |       |       |       |       |     1 |       |       |       |       ||     1
         Receive Armour    |       |       |       |       |     1 |       |       |       |       ||     1
Ability: Invent Gizmo      |       |       |       |       |     1 |       |       |       |       ||     1
  Evoke: Wand              |       |       |     1 |    11 |     1 |     2 |     1 |       |       ||    16
    Use: Scroll            |       |     5 |     6 |     9 |    18 |    12 |     9 |     8 |    14 ||    81
         Potion            |       |       |     1 |     5 |     2 |    14 |     7 |     4 |    12 ||    45
 Armour: Leather armour    |    11 |    38 |    77 |   124 |   186 |   158 |   363 |   281 |   282 ||  1520
  Dodge: Dodged            |    18 |    22 |    66 |   132 |   354 |   174 |   444 |   501 |   540 ||  2251

Levels and vault maps discovered:
D:1:      ncdulo_watergridlock, layout_rooms, serial_shops,
          nicolae_shop_statue_plus, nicolae_ecumenical_snake_handling
D:2:      layout_rooms, grunt_ministairs_13, uniq_sigmund, uniq_jessica
D:3:      layout_basic, fedhas_ov_isle_minmay, demons_altar, minmay_checkerbox
D:4:      layout_cave_pools, minmay_misc_feat_rows, nicolae_wooded_promenade
D:5:      layout_basic, mainiacjoe_overflow_six_doors_small,
          gammafunk_temple_overflow_statue, gup_sewer_entry_pipe,
          uniq_eustachio, uniq_duvessa
D:6:      layout_basic, minmay_temple_entry_antechambers,
          serial_library_hellmonk_reading_circle, minmay_misc_feat_doors,
          uniq_edmund, uniq_pikel
D:7:      layout_basic, nicolae_qazlal_general_emergency, serial_shops, shop,
          chequers_serial_rivers_micro_a, st_stairs_11, uniq_joseph
D:8:      layout_layer_cave, serial_co_window_serial, co_window_paths_b,
          co_window_paths_b, co_window_paths_a, co_window_corner_a,
          co_window_paths_a, co_window_corner_a, co_window_paths_a,
          co_window_broadway_c, co_window_of_opportunity_c,
          co_window_broadway_a, co_window_2corner, glass_columns_a,
          glass_columns_a, glass_columns_b, glass_columns_b, glass_columns_c,
          uniq_psyche, uniq_erica, uniq_gastronok
D:9:      layout_irregular_city, dpeg_lair_monsters, orc_0_dummy,
          enter_bailey_7, uniq_erolcha
D:10:     layout_stronghold
D:11:     layout_cave_pools, worms_lemuel, uniq_amaemon, uniq_urug
D:12:     layout_rooms
D:13:     layout_small_grid, erik_vaults_1, st_stairs_6, minivault_25,
          uniq_jorgrun
D:14:     layout_cross, minmay_misc_feat_iff, nicolae_diode_stairs
D:15:     grunt_enter_depths_magical_seal, layout_stronghold,
          okawaru_metal_pillars_1_2, einodemon_crawler_minivault
Lair:1:   statuecave_lemuel, layout_cave_pods
Lair:2:   layout_chaotic_city, minmay_swamp_entry_reptiles, ebering_ghost_xom
Lair:3:   layout_chaotic_city, guppyfry_snake_entry_garden
Lair:4:   layout_long_grid, enter_volcano_3, ebering_ghost_rock_garden,
          kennysheep_snail_temple
Lair:5:   guppyfry_lair_end_dragon, layout_small_grid,
          hangedman_lair_caniforms_friends, dpeg_slime_entry_enclosed,
          serial_bayou_shore_a
Swamp:1:  layout_basic_swamp, hangedman_swamp_cone, uniq_louise
Swamp:2:  layout_falls_marsh, wheals_swamp_sinkhole, swamp_pool_3
Swamp:3:  layout_falls_marsh, evilmike_swamp_ruin_rubble_1,
          nicolae_swamp_long_stream
Swamp:4:  swamp_basic_johnstein, layout_basic_swamp, swamp_pool_1_2,
          nicolae_swamp_feature_on_the_river_bank
Snake:1:  layout_cave_shapes, nicolae_snake_slithery_hallway
Snake:2:  layout_basic, minmay_shop_grove, uniq_donald
Snake:3:  layout_cave_town, basic_altar, nicolae_snake_flat_spine, uniq_vashnia,
          uniq_nikola
Snake:4:  grunt_snake_rune_spirals, layout_onion, lemuel_fruit_tree
Orc:1:    layout_caves
Orc:2:    pubby_orc_utopia
Elf:1:    eino_elf_arrival_sip, layout_gridlike, gammafunk_ghost_grave,
          basic_altar, minmay_elf_sorcery, minmay_strange_pillars,
          grunt_megastairs_2
Elf:2:    nicolae_elf_blades_crystal_corner, layout_geoelf_grid
Elf:3:    minmay_elf_hall_quartered_circle, layout_rooms, serial_shops,
          nicolae_shop_tiny_real_fake_doors, shop, shop_fountains,
          nicolae_shop_rolling_square, dreamdust_deal_with_the_devil
Vaults:1: nicolae_vaults_little_squares_3, v_rooms_6, nicolae_vaults_six-pack,
          vaults_room_grunt_arrival_ludios, v_misc_27,
          nicolae_vaults_door_testing_chamber, st_octagons_2,
          ontoclasm_vaults_spin, ontoclasm_vaults_decontamination,
          nicolae_vaults_storage_room_glass, nicolae_vaults_tetromino_Z_2,
          nicolae_vaults_trapezoid_2, layout_vaults_omnibox, enter_trove_3
Vaults:2: vaults_room_large_hall, v_pattern_2, vaults_standard_mumra_lines,
          nicolae_vaults_weapon_check, hangedman_vaults_corner,
          grunt_vaults_funnel, minmay_crypt_entry_simple_box,
          layout_vaults_big_room
Vaults:3: gammafunk_ghost_fury_of_okawaru, nicolae_vaults_trapezoid_4,
          vaults_standard_mumra_x, nicolae_vaults_apartment_1,
          nicolae_vaults_angled_halls, vaults_dpeg_cross,
          nicolae_vaults_gold_heap, nicolae_vaults_rhombus_5,
          layout_vaults_quadrants, serial_shops, nicolae_book_shop_shelving
Vaults:4: nicolae_vaults_diagonal_hallway_8,
          vaults_standard_mumra_enter_the_diamond,
          nicolae_vaults_little_squares_5, nicolae_vaults_murder_corner,
          nicolae_vaults_surprise_closet, ontoclasm_vaults_gateway,
          nicolae_vaults_network_quincunx
          [nicolae_vaults_network_quincunx_subvault,
          nicolae_vaults_network_quincunx_subvault,
          nicolae_vaults_network_quincunx_subvault,
          nicolae_vaults_network_quincunx_subvault,
          nicolae_vaults_network_quincunx_subvault], nicolae_vaults_theta,
          v_misc_28, vaults_mumra_hex, serial_ice_b, layout_vaults_big_cross,
          serial_shops, nicolae_shop_gibbet_a_chance
Vaults:5: uniq_sojobo
Crypt:1:  layout_gridlike, nicolae_crypt_cryptocurrency, grunt_ministairs_11
Crypt:2:  layout_misc_corridors, nzn_ghost_randoct, uniq_bai_suzhen
Crypt:3:  lightli_unholy_cathedral, layout_chaotic_city,
          nicolae_tomb_entry_unfolded_pyramid_orthogonal, basic_altar
Depths:1: layout_cave_pools, grunt_pan_entry_in_and_out, hangedman_coc_ice_floe,
          chequers_serial_rivers_small_3, serial_library_hellmonk_open_cross,
          drop_trap, nicolae_sif_muna_little_library
Depths:2: minmay_the_grid_triangle_9x9_recursive_3
          [minmay_the_grid_triangle_9x9_semitri,
          minmay_the_grid_triangle_9x9_zippers_vertical,
          minmay_the_grid_triangle_9x9_alien,
          minmay_the_grid_triangle_9x9_prize_schism,
          minmay_the_grid_triangle_9x9_warning,
          minmay_the_grid_triangle_9x9_pentomino_pain,
          minmay_the_grid_triangle_9x9_limited_checkers,
          minmay_the_grid_triangle_9x9_descending_squares,
          minmay_the_grid_triangle_9x9_skeleton], layout_honeycomb,
          enter_ziggurat_e, serial_sigils, serial_sigils_hangedman_scar,
          serial_sigils_hangedman_leer, serial_sigils_hangedman_gut,
          serial_sigils_hangedman_shear, minmay_misc_feat_ornament, hell_entry,
          pan_entry, xom_teletrap_fun
Depths:3: kennysheep_snake, layout_twisted_cross, serial_shops,
          nicolae_shop_back_alley_shop, nicolae_abyss_entry_one_way_or_another,
          minmay_door_square, hell_entry, nicolae_elyvilon_temple_path
Depths:4: grunt_crosshair, layout_gridlike, rand_demon_pan_entry_4,
          nicolae_wwwww, hell_entry, minmay_misc_feat_chi,
          serial_library_hellmonk_small_corner, dancing_weapons_uskayaw
Zot:1:    gammafunk_its_a_trap, layout_cellular_growth
Zot:2:    layout_concentric_octagons, st_stairs_8,
          regret_index_zotdec_twisting_globes
Zot:3:    layout_basic, hangedman_zot_decor_unnerving_road, zot_minivault_6
Zot:4:    layout_basic
Zot:5:    layout_misc_corridors

Notes
Turn   | Place    | Note
-------+----------+-------------------------------------------
     0 | D:1      | Drazool the Coglin Hunter began the quest for the Orb.
     0 | D:1      | Reached XP level 1. HP: 16/16 MP: 1/1
    42 | D:1      | Reached skill level 4 in Ranged Weapons
    42 | D:1      | Reached XP level 2. HP: 20/22 MP: 2/2
    52 | D:1      | Found Paulyora's Weapon Boutique.
   178 | D:1      | Reached XP level 3. HP: 27/27 MP: 3/3
   196 | D:1      | Found a faded altar of an unknown god.
   530 | D:2      | Noticed Jessica
   538 | D:2      | Killed Jessica
   539 | D:2      | Reached skill level 5 in Ranged Weapons
   539 | D:2      | Reached XP level 4. HP: 33/33 MP: 4/4
   595 | D:2      | Noticed Sigmund
   609 | D:2      | Killed Sigmund
   610 | D:2      | Reached skill level 6 in Ranged Weapons
   610 | D:2      | Reached XP level 5. HP: 38/38 MP: 5/5
   642 | D:2      | Reached XP level 6. HP: 44/44 MP: 6/6
   643 | D:2      | Found the +3 salamander hide armour {Flames, rFlCloud rF++
                  | rC--}
  1020 | D:3      | Found a blossoming altar of Fedhas.
  1132 | D:3      | Reached skill level 7 in Ranged Weapons
  1788 | D:3      | Found a burning altar of Makhleb.
  1979 | D:4      | Found Zaopoet's Armour Boutique.
  1981 | D:4      | Found Goenwele's Jewellery Emporium.
  1981 | D:4      | Found Tyga's General Store.
  2006 | D:4      | Bought a scroll of identify for 24 gold pieces
  2051 | D:4      | Reached XP level 7. HP: 50/50 MP: 7/7
  2499 | D:5      | Entered Level 5 of the Dungeon
  2515 | D:5      | Noticed Dowan
  2516 | D:5      | Noticed Duvessa
  2525 | D:4      | Killed Duvessa
  2526 | D:4      | Reached skill level 8 in Ranged Weapons
  2530 | D:4      | Killed Dowan
  2638 | D:5      | Found a glowing drain.
  2649 | Sewer    | Entered a sewer
  2731 | Sewer    | Reached XP level 8. HP: 48/56 MP: 8/8
  2741 | Sewer    | Reached skill level 9 in Ranged Weapons
  3009 | D:5      | Noticed Eustachio
  3023 | D:5      | Killed Eustachio
  3079 | D:5      | Reached skill level 10 in Ranged Weapons
  3189 | D:5      | Identified the +2 helmet of Cheibriados's Envy {Str+3
                  | Int+6}
  3258 | D:5      | Found a hazy altar of Hepliaklqana.
  3259 | D:5      | Found an iron altar of Okawaru.
  3264 | D:5      | Became a worshipper of Warmaster Okawaru
  3388 | D:5      | Identified the orb "Kuzo Och" {mayhem, rF+ rC+}
  3547 | D:5      | Found a sacrificial altar of Ru.
  3840 | D:4      | Bought a scroll of brand weapon for 114 gold pieces
  3940 | D:6      | Reached skill level 11 in Ranged Weapons
  3940 | D:6      | Reached XP level 9. HP: 61/61 MP: 9/9
  3971 | D:6      | Reached skill level 2 in Dodging
  4010 | D:6      | Reached skill level 1 in Invocations
  4049 | D:6      | Noticed Edmund
  4090 | D:6      | Killed Edmund
  4090 | D:6      | Reached * piety under Okawaru
  4091 | D:6      | Reached skill level 3 in Dodging
  4091 | D:6      | Reached skill level 2 in Invocations
  4235 | D:6      | Noticed Pikel
  4247 | D:6      | Killed Pikel
  4247 | D:6      | Reached ** piety under Okawaru
  4248 | D:6      | Reached skill level 4 in Dodging
  4248 | D:6      | Reached skill level 3 in Invocations
  4326 | D:6      | Found a staircase to the Ecumenical Temple.
  4666 | D:6      | Reached skill level 4 in Invocations
  4936 | D:7      | Noticed Joseph
  4947 | D:6      | Killed Joseph
  4948 | D:6      | Reached skill level 5 in Invocations
  5232 | D:7      | Reached XP level 10. HP: 67/67 MP: 14/14
  5361 | D:7      | Reached *** piety under Okawaru
  5362 | D:7      | Reached skill level 6 in Invocations
  5388 | D:7      | Reached skill level 3 in Fighting
  5412 | D:7      | Found Heonaxte's General Store.
  5421 | D:7      | Bought a scroll of blinking for 112 gold pieces
  5615 | D:7      | Found a stormy altar of Qazlal.
  5679 | D:8      | Noticed Psyche
  5686 | D:8      | Killed Psyche
  5687 | D:8      | Reached skill level 4 in Fighting
  5919 | D:8      | Identified the +6 scimitar of Kaonew {pain, rF++ Str+4}
  6184 | D:8      | Noticed Gastronok
  6203 | D:8      | Killed Gastronok
  6203 | D:8      | Reached **** piety under Okawaru
  6204 | D:8      | Reached skill level 5 in Fighting
  6204 | D:8      | Reached skill level 3 in Stealth
  6204 | D:8      | Reached skill level 3 in Evocations
  6272 | D:8      | Noticed Erica
  6283 | D:8      | Killed Erica
  6284 | D:8      | Reached skill level 4 in Evocations
  6916 | D:9      | Found a staircase to the Lair.
  7032 | D:9      | Reached skill level 7 in Invocations
  7170 | D:9      | Noticed an unseen horror
  7170 | D:9      | an unseen horror changed into a raiju
  7180 | D:9      | Reached XP level 11. HP: 59/79 MP: 16/16
  7221 | D:9      | Found a flagged portal.
  7237 | Bailey   | Entered a bailey
  7737 | Bailey   | Noticed an orc knight
  7764 | Bailey   | Killed an orc knight
  7765 | Bailey   | Reached skill level 8 in Invocations
  7769 | Bailey   | Found a large runed translucent door.
  7769 | Bailey   | Found a large runed translucent door.
  7770 | Bailey   | Noticed a deep elf pyromancer
  7795 | Bailey   | Killed a deep elf pyromancer
  7807 | Bailey   | Identified the staff "Hokluj" {rPois Str+7 Dex+3 Alchemy}
  7810 | Bailey   | Got the Vellum of Signs
  8039 | D:9      | Noticed Erolcha
  8076 | D:9      | Identified a potion of resistance
  8112 | D:10     | Entered Level 10 of the Dungeon
  8112 | D:10     | Noticed a manticore
  8206 | D:9      | Got Titiung's Annotations on the Smouldering Jaunt
  8816 | D:10     | Reached skill level 12 in Ranged Weapons
  9502 | Lair:1   | Entered Level 1 of the Lair of Beasts
  9995 | Lair:1   | Reached ***** piety under Okawaru
 10269 | Lair:1   | You fall into a shaft and drop 1 floor!
 10341 | Lair:1   | Reached skill level 13 in Ranged Weapons
 11121 | Lair:1   | Identified the +9 long sword "Jiriaqex" {freeze, Dex+3}
 11337 | Lair:2   | Reached XP level 12. HP: 74/86 MP: 18/18
 11467 | Lair:2   | Received a gift from Okawaru
 11474 | Lair:2   | Found a runed translucent door.
 11499 | Lair:2   | Reached skill level 14 in Ranged Weapons
 11511 | Lair:2   | Reached skill level 5 in Evocations
 11511 | Lair:2   | Found a shimmering altar of Xom.
 11511 | Lair:2   | Noticed zewo's ghost (journeyman DrNe)
 11635 | Lair:2   | Got the Collected Works on Predestined Blows
 11678 | Lair:2   | Noticed an eight-headed hydra
 11703 | Lair:2   | Killed an eight-headed hydra
 11704 | Lair:2   | Reached skill level 6 in Evocations
 11855 | Lair:2   | Found a staircase to the Swamp.
 12172 | Lair:3   | Reached skill level 5 in Dodging
 12755 | Lair:3   | Reached skill level 6 in Dodging
 12878 | Lair:3   | Reached skill level 7 in Dodging
 12982 | Lair:3   | Noticed a seven-headed hydra
 13002 | Lair:3   | Killed a seven-headed hydra
 13016 | Lair:3   | Reached skill level 8 in Dodging
 13146 | Lair:3   | Found a staircase to the Snake Pit.
 13384 | Lair:3   | Received a gift from Okawaru
 13796 | Lair:4   | Found a dark tunnel.
 13806 | Lair:4   | Reached skill level 9 in Dodging
 13889 | Volcano  | Entered a volcano
 14066 | Volcano  | Noticed a hell knight
 14098 | Volcano  | Killed a hell knight
 14099 | Volcano  | Reached XP level 13. HP: 89/93 MP: 13/19
 14221 | Lair:4   | Reached skill level 6 in Fighting
 14413 | Lair:4   | Reached skill level 7 in Fighting
 14589 | Lair:4   | Reached skill level 8 in Fighting
 14680 | Lair:4   | Found a snail-covered altar of Cheibriados.
 14841 | Lair:4   | Reached skill level 9 in Fighting
 14843 | Lair:4   | Reached skill level 1 in Armour
 14986 | Lair:4   | Received a gift from Okawaru
 15005 | Lair:4   | Reached skill level 2 in Armour
 15074 | Lair:4   | Found a runed translucent gate.
 15074 | Lair:4   | Found a runed translucent gate.
 15074 | Lair:4   | Found a runed translucent gate.
 15080 | Lair:4   | Noticed MrSquiggles's ghost (journeyman DEFE)
 15348 | Lair:4   | Reached skill level 3 in Armour
 15385 | Lair:5   | Entered Level 5 of the Lair of Beasts
 15697 | Lair:5   | Reached skill level 4 in Armour
 16065 | Lair:5   | Reached skill level 9 in Invocations
 16081 | Lair:5   | Received a gift from Okawaru
 16328 | Lair:5   | Found a viscous altar of Jiyva.
 16328 | Lair:5   | Found a staircase to the Slime Pits.
 16644 | Lair:5   | Reached skill level 10 in Invocations
 16693 | Lair:5   | Noticed a fire dragon
 16716 | Lair:5   | Reached XP level 14. HP: 74/108 MP: 21/21
 16810 | Lair:5   | Acquired a superpneumatic compensator {AutoDazzle, rElec
                  | Will+}
 16847 | Lair:5   | Reached skill level 7 in Evocations
 17101 | Lair:5   | Reached skill level 8 in Evocations
 17113 | Lair:5   | Reached skill level 1 in Throwing
 17189 | Lair:5   | Reached skill level 2 in Throwing
 17360 | Lair:5   | Received a gift from Okawaru
 17361 | Lair:5   | Reached skill level 3 in Throwing
 17386 | Lair:4   | Reached ****** piety under Okawaru
 17501 | Lair:4   | Acquired a +1 heavy hand cannon
 17501 | Lair:4   | Received a gift from Okawaru
 17740 | D:4      | Bought a scroll of enchant weapon for 90 gold pieces
 18082 | Lair:5   | Acquired the +3 pair of gauntlets of War {Slay+5}
 18082 | Lair:5   | Received a gift from Okawaru
 18082 | Lair:5   | Found the +3 pair of gauntlets of War {Slay+5}
 18953 | Lair:5   | Received a gift from Okawaru
 19033 | Lair:5   | Reached skill level 15 in Ranged Weapons
 19766 | D:9      | Found a staircase to the Orcish Mines.
 19794 | Orc:1    | Entered Level 1 of the Orcish Mines
 20108 | Orc:2    | Entered Level 2 of the Orcish Mines
 20604 | Orc:2    | Received a gift from Okawaru
 21023 | Orc:2    | Reached XP level 15. HP: 113/113 MP: 22/22
 21125 | Orc:2    | Reached skill level 16 in Ranged Weapons
 21372 | Orc:2    | Found a staircase to the Elven Halls.
 21653 | Orc:2    | Noticed an orc warlord
 21665 | Orc:2    | Killed an orc warlord
 21696 | Orc:2    | Received a gift from Okawaru
 21792 | Orc:2    | Found a roughly hewn altar of Beogh.
 21835 | Orc:2    | Found Qyupnal's Book Shop.
 21915 | Orc:2    | Found Wycs's Armour Boutique.
 22010 | Orc:2    | Found a roughly hewn altar of Beogh.
 22048 | Orc:2    | Reached skill level 17 in Ranged Weapons
 22208 | Orc:2    | Found Balac's Distillery.
 22219 | Orc:2    | Found Jokhliz's Magic Scroll Shoppe.
 22225 | Orc:2    | Bought a scroll of enchant weapon for 105 gold pieces
 22225 | Orc:2    | Bought a scroll of blinking for 105 gold pieces
 22225 | Orc:2    | Bought a scroll of enchant weapon for 105 gold pieces
 22727 | D:9      | Killed Erolcha
 22945 | D:11     | Received a gift from Okawaru
 22977 | D:11     | Noticed Amaemon
 22981 | D:11     | Killed Amaemon
 23097 | D:11     | Noticed Urug
 23100 | D:11     | Killed Urug
 23210 | D:11     | Identified the +0 chain mail of Vehumet's Supremacy {Str-3
                  | Dex+3 Slay+2}
 23680 | D:12     | Reached skill level 18 in Ranged Weapons
 24144 | D:13     | Noticed Jorgrun
 24330 | D:13     | Received a gift from Okawaru
 24332 | D:13     | Reached skill level 10 in Fighting
 24402 | D:13     | Killed Jorgrun
 24512 | D:13     | Found a gate to the Vaults.
 24582 | D:13     | Reached XP level 16. HP: 124/124 MP: 23/23
 24773 | D:13     | Reached skill level 11 in Fighting
 24808 | D:13     | Reached skill level 10 in Dodging
 24808 | D:13     | Received a gift from Okawaru
 25307 | D:14     | Reached skill level 11 in Dodging
 25558 | D:14     | Reached skill level 9 in Evocations
 25689 | D:14     | Found a transporter.
 25708 | D:14     | Reached skill level 10 in Evocations
 25765 | D:14     | Found a transporter.
 26039 | D:15     | Entered Level 15 of the Dungeon
 26103 | D:15     | Reached skill level 5 in Armour
 26385 | D:15     | Received a gift from Okawaru
 26536 | D:15     | Found an iron altar of Okawaru.
 26569 | D:15     | Reached skill level 6 in Armour
 27108 | D:15     | Found a staircase to the Depths.
 27423 | Snake:1  | Entered Level 1 of the Snake Pit
 28313 | Snake:1  | Received a gift from Okawaru
 28579 | Snake:2  | Noticed Donald
 28761 | Snake:2  | Reached skill level 12 in Fighting
 28845 | Snake:2  | Killed Donald
 28846 | Snake:2  | Reached XP level 17. HP: 133/133 MP: 18/24
 28856 | Snake:2  | Reached skill level 12 in Dodging
 28910 | Snake:2  | Received a gift from Okawaru
 28945 | Snake:2  | Found Nogih's Book Boutique.
 28946 | Snake:2  | Found Pequth's Jewellery Emporium.
 28946 | Snake:2  | Found Hewkus Zeerph's Jewellery Emporium.
 29660 | Snake:3  | Noticed Vashnia
 29713 | Snake:3  | Killed Vashnia
 29910 | Snake:3  | Received a gift from Okawaru
 29911 | Snake:3  | Reached skill level 13 in Fighting
 29912 | Snake:3  | Found an iron altar of Okawaru.
 30143 | Snake:3  | Identified a scroll of acquirement
 30144 | Snake:3  | Acquired the +1 cloak of the Weaver {rF+ Int+4 Stlth+}
 30286 | Snake:3  | Noticed Nikola
 30302 | Snake:3  | Killed Nikola
 30535 | Snake:4  | Entered Level 4 of the Snake Pit
 30542 | Snake:4  | Identified the +8 war axe "Sarcophage" {heavy, rElec rN++
                  | rCorr Dex-3}
 30957 | Snake:4  | Reached skill level 13 in Dodging
 31107 | Snake:4  | HP: 8/137 [poisoned by a nagaraja (splash of poison)]
 31785 | Snake:4  | Received a gift from Okawaru
 32024 | Snake:4  | Reached skill level 14 in Fighting
 32546 | Snake:4  | Learned a level 2 spell: Blink
 32666 | Snake:4  | Received a gift from Okawaru
 32667 | Snake:4  | Reached skill level 1 in Translocations
 32683 | Snake:4  | Reached skill level 2 in Translocations
 32683 | Snake:4  | Reached XP level 18. HP: 110/147 MP: 25/25
 32696 | Snake:4  | Reached skill level 3 in Translocations
 32804 | Snake:4  | Reached skill level 4 in Translocations
 32947 | Snake:4  | Reached skill level 5 in Translocations
 33296 | Snake:4  | Reached skill level 6 in Translocations
 33816 | Snake:4  | Received a gift from Okawaru
 34127 | Snake:4  | Got a serpentine rune of Zot
 34290 | Swamp:1  | Entered Level 1 of the Swamp
 34293 | Swamp:1  | Reached skill level 7 in Translocations
 34298 | Swamp:1  | Noticed Louise
 34300 | Swamp:1  | You are cast into the Abyss!
 34300 | Abyss:3  | Cast into level 3 of the Abyss (Louise)
 34398 | Abyss:3  | Noticed a lich
 34417 | Abyss:3  | Reached skill level 8 in Translocations
 34498 | Swamp:1  | You pass through the gate.
 34498 | Swamp:1  | Escaped the Abyss
 34765 | Swamp:1  | Killed Louise
 34765 | Swamp:1  | Received a gift from Okawaru
 34860 | Swamp:1  | Reached skill level 9 in Translocations
 34975 | Swamp:1  | Reached skill level 1 in Spellcasting
 35073 | Swamp:1  | Reached skill level 2 in Spellcasting
 35285 | Swamp:1  | Learned a level 4 spell: Dimensional Bullseye
 35454 | Swamp:2  | Reached skill level 3 in Spellcasting
 35612 | Swamp:2  | Reached skill level 4 in Spellcasting
 35619 | Swamp:2  | Received a gift from Okawaru
 35814 | Swamp:2  | Reached skill level 5 in Spellcasting
 35817 | Swamp:2  | Reached skill level 1 in Hexes
 35885 | Swamp:2  | Reached skill level 2 in Hexes
 36090 | Swamp:3  | Reached skill level 3 in Hexes
 36229 | Swamp:3  | Received a gift from Okawaru
 36296 | Swamp:3  | Reached skill level 4 in Hexes
 36654 | Swamp:3  | Reached XP level 19. HP: 153/153 MP: 26/26
 36977 | Swamp:4  | Entered Level 4 of the Swamp
 37271 | Swamp:4  | Reached skill level 5 in Hexes
 37522 | Swamp:4  | Reached skill level 15 in Fighting
 37838 | Swamp:4  | Reached skill level 14 in Dodging
 37855 | Swamp:4  | Received a gift from Okawaru
 38186 | Swamp:4  | Reached skill level 7 in Armour
 38686 | Swamp:4  | Got a decaying rune of Zot
 38719 | Swamp:4  | Reached skill level 8 in Armour
 38924 | Elf:1    | Entered Level 1 of the Elven Halls
 39108 | Elf:1    | Received a gift from Okawaru
 39114 | Elf:1    | Reached skill level 9 in Armour
 39187 | Elf:1    | Got the Papyrus of Syndicated Bolts
 39435 | Elf:1    | Found an ancient bone altar of Kikubaaqudgha.
 39472 | Elf:1    | Reached skill level 10 in Translocations
 39994 | Elf:1    | Found a runed translucent door.
 39995 | Elf:1    | Noticed zenocrate's ghost (journeyman OpEE)
 40042 | Elf:1    | Paralysed by an orc sorcerer for 5 turns
 40458 | Elf:2    | Paralysed by an air elemental for 1 turns
 40461 | Elf:2    | Paralysed by an air elemental for 1 turns
 40527 | Elf:2    | Received a gift from Okawaru
 40808 | Elf:2    | Reached skill level 16 in Fighting
 40995 | Elf:2    | Found a runed translucent gate.
 40996 | Elf:2    | Found a runed translucent gate.
 40996 | Elf:2    | Found a runed translucent gate.
 41088 | Elf:2    | Reached XP level 20. HP: 166/166 MP: 27/27
 41269 | Elf:2    | Upgraded the game from 0.32-a0-630-g46d191b0ed to
                  | 0.32-a0-643-ga006e7742e
 41306 | Elf:3    | Entered Level 3 of the Elven Halls
 42166 | Elf:3    | Paralysed by an air elemental for 1 turns
 42171 | Elf:2    | Reached skill level 17 in Fighting
 42295 | Elf:3    | Paralysed by an air elemental for 1 turns
 42504 | Elf:3    | Found Digh's Weapon Shoppe.
 42514 | Elf:3    | Found Kennynir's Antique Armour Boutique.
 42523 | Elf:3    | Bought a shimmering hat for 270 gold pieces
 42523 | Elf:3    | Identified the +0 hat of Filth {Harm Regen+} (You bought it
                  | in a shop on level 3 of the Elven Halls)
 42622 | Elf:3    | Identified the +4 bardiche "Kowo" {flame, Str+2 Dex+5}
 42681 | Elf:3    | Found Losoill's Weapon Boutique.
 42701 | Elf:3    | Identified the ring of Lugonu's Hope {rPois rF+ Dex+2}
 42707 | Elf:3    | Received a gift from Okawaru
 42766 | Elf:3    | Reached skill level 18 in Fighting
 42977 | Elf:3    | Identified the amulet of Qoukum {Spirit Will- Int+6}
 42999 | Elf:3    | Received a gift from Okawaru
 43257 | Elf:3    | Found Taegg's Armour Boutique.
 43359 | Elf:3    | Identified the +1 bardiche "Anutt" {flame, rC+ rN+++ Dex-2}
 43361 | Elf:3    | Reached skill level 15 in Dodging
 43719 | Elf:3    | Received a gift from Okawaru
 43725 | Elf:3    | Learned a level 4 spell: Passage of Golubria
 43975 | Vaults:1 | Entered Level 1 of the Vaults
 44578 | Vaults:1 | Reached skill level 11 in Invocations
 45034 | Vaults:1 | Reached XP level 21. HP: 94/177 MP: 29/29
 45295 | Vaults:1 | Received a gift from Okawaru
 45441 | Vaults:1 | Reached skill level 12 in Invocations
 45793 | Vaults:1 | Found a portal to a secret trove of treasure.
 46757 | Vaults:1 | Received a gift from Okawaru
 46812 | Vaults:1 | Identified the +0 scale mail of Lugonu's Supremacy {rElec
                  | rPois rF+ rN++}
 47329 | Vaults:2 | Reached skill level 19 in Ranged Weapons
 48418 | Vaults:2 | Received a gift from Okawaru
 48723 | Vaults:2 | Found a staircase to the Crypt.
 48763 | Vaults:2 | Reached skill level 20 in Ranged Weapons
 49251 | Vaults:3 | Paralysed by a sphinx for 3 turns
 49390 | Vaults:3 | Found Bagginn's Book Boutique.
 49393 | Vaults:3 | Identified the +6 chain mail of the Lobster {rF- rC++ rCorr
                  | Dex+2}
 49439 | Vaults:3 | Reached XP level 22. HP: 170/186 MP: 31/31
 50068 | Vaults:3 | Found a runed translucent gate.
 50069 | Vaults:3 | Found a runed translucent gate.
 50069 | Vaults:3 | Found a runed translucent gate.
 50070 | Vaults:3 | Noticed MadMike78's ghost (veteran CoBe)
 50132 | Vaults:3 | Received a gift from Okawaru
 50133 | Vaults:3 | Reached skill level 19 in Fighting
 50162 | Vaults:3 | Found an iron altar of Okawaru.
 50426 | Vaults:3 | Killed MadMike78's ghost
 50514 | Vaults:3 | Identified the +7 executioner's axe of Peril {speed, rC+}
 50515 | Vaults:3 | Identified the -2 pair of boots of the Forest {rElec Str+2
                  | Int+3}
 50858 | Vaults:4 | Identified +1 pearl dragon scales
 50980 | Vaults:4 | Identified the +5 short sword of the Nine Deaths {flame,
                  | rPois rC++ Str+2 Stlth-}
 51029 | Vaults:4 | Reached skill level 20 in Fighting
 51496 | Vaults:4 | Received a gift from Okawaru
 52092 | Vaults:4 | Paralysed by a formless jellyfish for 1 turns
 52448 | Vaults:4 | Found Eskir's Distillery.
 52465 | Vaults:4 | Bought 2 potions of invisibility for 224 gold pieces
 52465 | Vaults:4 | Bought a potion of haste for 140 gold pieces
 53113 | Depths:1 | Entered Level 1 of the Depths
 53274 | Depths:1 | Reached skill level 21 in Fighting
 53276 | Depths:1 | Received a gift from Okawaru
 53647 | Depths:1 | Found a gateway to Hell.
 53713 | Depths:1 | Found a shimmering blue altar of Sif Muna.
 53747 | Depths:1 | Found a one-way gate leading to the halls of Pandemonium.
 54342 | Depths:2 | Found a one-way gateway to a ziggurat.
 54427 | Depths:2 | Found a shimmering altar of Xom.
 54562 | Depths:2 | Received a gift from Okawaru
 54629 | Depths:2 | Identified the +1 shortbow of Ethos {heavy, Dex+3}
 54697 | Depths:2 | Reached skill level 22 in Fighting
 54700 | Depths:2 | Reached XP level 23. HP: 203/203 MP: 32/32
 54940 | Depths:2 | Identified the +12 glaive "Killer Klown's Curse" {drain,
                  | Fly Dex+2}
 55079 | Depths:2 | Got the Incunable of Terra Firma
 55079 | Depths:2 | Identified the +8 quarterstaff "Osonu" {spect, Will+ rCorr}
 55327 | Depths:2 | Received a gift from Okawaru
 55336 | Depths:2 | Reached skill level 16 in Dodging
 55403 | Depths:2 | Identified the +4 glaive of Tepipras {freeze, ^Fragile rN+
                  | Str+2}
 55949 | Depths:3 | You are cast into the Abyss!
 55949 | Abyss:3  | Found a corrupted altar of Lugonu.
 55949 | Abyss:3  | Cast into level 3 of the Abyss (a deep elf demonologist)
 56140 | Abyss:3  | Received a gift from Okawaru
 56141 | Abyss:3  | Reached skill level 17 in Dodging
 56341 | Depths:3 | You pass through the gate.
 56341 | Depths:3 | Escaped the Abyss
 56964 | Depths:3 | Reached skill level 18 in Dodging
 57027 | Depths:3 | Received a gift from Okawaru
 57420 | Depths:3 | Found a one-way gate to the infinite horrors of the Abyss.
 57468 | Depths:3 | Found a white marble altar of Elyvilon.
 57741 | Depths:3 | Found Ijianim's Antique Weapon Shop.
 57802 | Depths:4 | Entered Level 4 of the Depths
 58038 | Depths:4 | Noticed a juggernaut
 58040 | Depths:4 | Reached XP level 24. HP: 210/210 MP: 32/32
 58043 | Depths:4 | Killed a juggernaut
 58115 | Depths:4 | Reached skill level 19 in Dodging
 58139 | Depths:4 | Received a gift from Okawaru
 58607 | Depths:4 | Found a gate to the Realm of Zot.
 59252 | Depths:4 | Found a hide-covered altar of Uskayaw.
 60208 | Crypt:1  | Entered Level 1 of the Crypt
 60466 | Crypt:1  | Reached skill level 20 in Dodging
 60552 | Crypt:1  | Reached skill level 6 in Hexes
 60572 | Crypt:1  | Received a gift from Okawaru
 60970 | Crypt:1  | Reached skill level 7 in Hexes
 61442 | Crypt:1  | Reached skill level 8 in Hexes
 61981 | Crypt:2  | Reached skill level 11 in Evocations
 62035 | Crypt:2  | Found a transporter.
 62048 | Crypt:2  | Noticed a curse skull
 62175 | Crypt:2  | Reached skill level 12 in Evocations
 62175 | Crypt:2  | Noticed Bai Suzhen
 62180 | Crypt:2  | Killed Bai Suzhen
 62297 | Crypt:2  | Noticed Dome's ghost (veteran DsSu)
 62300 | Crypt:2  | Found a transporter.
 62305 | Crypt:2  | Noticed Waukhla's ghost (veteran KoBr)
 62310 | Crypt:2  | Noticed Hyrrirob's ghost (veteran GrEE)
 62321 | Crypt:2  | Identified the ring of Ilavuac {rC+ MP+9 Str+2 Int+2 Dex-4}
 62491 | Crypt:3  | Entered Level 3 of the Crypt
 62504 | Crypt:2  | Reached skill level 13 in Evocations
 62772 | Crypt:3  | Noticed a curse skull
 62777 | Crypt:3  | Killed a curse skull
 62902 | Crypt:3  | Reached skill level 14 in Evocations
 63047 | Crypt:3  | Found an ancient bone altar of Kikubaaqudgha.
 63113 | Crypt:3  | Reached XP level 25. HP: 79/205 MP: 32/32
 63113 | Crypt:3  | Received a gift from Okawaru
 63541 | Crypt:3  | Reached skill level 15 in Evocations
 63808 | Crypt:3  | Reached skill level 10 in Armour
 63900 | Crypt:3  | Noticed a curse toe
 63906 | Crypt:3  | Killed a curse toe
 63939 | Crypt:3  | Found a basalt altar of Yredelemnul.
 63952 | Crypt:3  | Found an ancient bone altar of Kikubaaqudgha.
 63987 | Crypt:3  | Got the Octavo of the Hyperborean Elixir
 63989 | Crypt:3  | Identified the staff of Sloth {rElec rN+ Necro Air}
 64317 | Crypt:3  | Found a staircase to the Tomb.
 64852 | Lair:4   | Killed MrSquiggles's ghost
 65182 | Vaults:5 | Entered Level 5 of the Vaults
 65191 | Vaults:5 | Received a gift from Okawaru
 65195 | Vaults:5 | Reached skill level 11 in Armour
 65391 | Vaults:5 | Identified the +8 quarterstaff of Earthquakes {elec, Dex+2}
 65397 | Vaults:5 | Reached skill level 12 in Armour
 65545 | Vaults:5 | Received a gift from Okawaru
 65856 | Vaults:5 | Identified the +4 scale mail of the Sky {rElec Int-2 Slay+2
                  | Stlth+}
 66324 | Vaults:5 | Noticed Sojobo
 66331 | Vaults:5 | Killed Sojobo
 66469 | Vaults:5 | Received a gift from Okawaru
 66471 | Vaults:5 | Reached XP level 26. HP: 198/225 MP: 23/32
 66560 | Vaults:5 | Reached skill level 23 in Fighting
 66770 | Vaults:5 | Reached skill level 21 in Dodging
 66903 | Vaults:5 | Identified the +4 dagger of Qazif {spect, rF+ Int-5 Dex+5
                  | Stlth+}
 67061 | Vaults:5 | Identified the ring of the Good {rCorr Str+3}
 67178 | Vaults:5 | Identified the staff of Rebunops {Conj Alchemy}
 67181 | Vaults:5 | Identified the +2 troll leather armour of Restlessness
                  | {Harm Regen+}
 67187 | Vaults:5 | Identified the +0 helmet of the Falcon {rPois rF++ Str-5}
 67224 | Vaults:5 | Identified the +0 pair of boots of Summertime {Fly rF++
                  | Regen+ Slay-2}
 67227 | Vaults:5 | Identified the staff "Pyklog" {rF+ rN+ Stlth+ Necro}
 67239 | Vaults:5 | Identified the +1 scale mail "Qagiu" {Harm rF+ Slay+2}
 67629 | Vaults:1 | You paid a toll of a +5 demon whip to enter a treasure
                  | trove
 67630 | Trove    | Entered a treasure trove
 67639 | Trove    | Found the +8 demon blade "Leech" {evervamp, Harm ^Drain
                  | rN+}
 67658 | Trove    | Identified the +1 great mace "Xullim" {drain, rElec}
 67694 | Trove    | Identified the +10 flail of Qetixeta {venom, rCorr Str+4
                  | Dex+3}
 68186 | Vaults:5 | Received a gift from Okawaru
 68459 | Vaults:5 | Identified the +0 hand axe of Ohuewk {vamp, rN+ Dex+3}
 68467 | Vaults:5 | Got a silver rune of Zot
 68884 | Zot:1    | Entered Level 1 of the Realm of Zot
 69398 | Zot:1    | Found a transporter.
 69466 | Zot:1    | Received a gift from Okawaru
 69796 | Zot:1    | Found a transporter.
 70658 | Zot:2    | Reached skill level 24 in Fighting
 70849 | Zot:2    | Reached skill level 22 in Dodging
 71292 | Zot:2    | Received a gift from Okawaru
 72014 | Zot:3    | Noticed an orb of fire
 72146 | Zot:3    | Reached XP level 27. HP: 240/240 MP: 32/32
 72207 | Zot:3    | Gained mutation: You are clumsy. (Dex -2) [an orb of fire]
 72208 | Zot:3    | Received a gift from Okawaru
 72209 | Zot:3    | Gained mutation: You are dopey. (Int -2) [an orb of fire]
 72210 | Zot:3    | Killed an orb of fire
 72368 | Zot:3    | Lost mutation: You are dopey. (Int -2) [potion of mutation]
 72368 | Zot:3    | Lost mutation: You are clumsy. (Dex -2) [potion of
                  | mutation]
 72368 | Zot:3    | Gained mutation: You do not regenerate when monsters are
                  | visible. [potion of mutation]
 72369 | Zot:3    | Lost mutation: You do not regenerate when monsters are
                  | visible. [potion of mutation]
 72369 | Zot:3    | Gained mutation: You expend magic power (3 MP) to
                  | strengthen your wands. [potion of mutation]
 72369 | Zot:3    | Gained mutation: You possess an exceptional clarity of
                  | mind. [potion of mutation]
 73202 | Zot:4    | Reached skill level 25 in Fighting
 73204 | Zot:4    | Received a gift from Okawaru
 73514 | Zot:4    | Reached skill level 23 in Dodging
 73948 | Zot:5    | Entered Level 5 of the Realm of Zot
 74619 | Zot:5    | Received a gift from Okawaru
 75595 | Zot:5    | Noticed a dread lich
 75598 | Zot:5    | Killed a dread lich
 75601 | Zot:5    | Noticed a dread lich
 75603 | Zot:5    | Killed a dread lich
 76216 | Zot:5    | Noticed an orb of fire
 76222 | Zot:5    | Gained mutation: Your spells are a little easier to cast,
                  | but a little less powerful. [an orb of fire]
 76227 | Zot:5    | Killed an orb of fire
 76322 | Zot:5    | Noticed an electric golem
 76327 | Zot:5    | Killed an electric golem
 76403 | Zot:5    | Noticed an electric golem
 76411 | Zot:5    | Killed an electric golem
 76444 | Zot:5    | Noticed an orb of fire
 76448 | Zot:5    | Killed an orb of fire
 76448 | Zot:5    | Received a gift from Okawaru
 76449 | Zot:5    | Reached skill level 26 in Fighting
 76849 | Zot:5    | Reached skill level 24 in Dodging
 77079 | Zot:5    | Noticed an orb of fire
 77081 | Zot:5    | Killed an orb of fire
 77081 | Zot:5    | Noticed an orb of fire
 77085 | Zot:5    | Noticed an orb of fire
 77086 | Zot:5    | Killed an orb of fire
 77089 | Zot:5    | Killed an orb of fire
 77089 | Zot:5    | Received a gift from Okawaru
 77093 | Zot:5    | Noticed a curse toe
 77097 | Zot:5    | Killed a curse toe
 77106 | Zot:5    | Got the Orb of Zot
 77184 | Zot:5    | Noticed Xyqak the pandemonium lord
 77199 | Zot:4    | Noticed Wiasut the pandemonium lord
 77206 | Zot:4    | Killed Wiasut the pandemonium lord
 77321 | Zot:4    | Noticed Papsien the pandemonium lord
 77483 | D:15     | Noticed an ancient lich
 77485 | D:15     | Noticed Dunahij the pandemonium lord
 77489 | D:15     | Killed Dunahij the pandemonium lord
 77489 | D:15     | Received a gift from Okawaru
 77490 | D:15     | Killed an ancient lich
 77576 | D:15     | Noticed Iquna the pandemonium lord
 77700 | D:9      | Reached skill level 27 in Fighting
 77852 | D:3      | Noticed Goiru the pandemonium lord
 77890 | D:$      | Escaped with the Orb!

Vanquished Creatures
  2 dread liches (Zot:5)
  An ancient lich (D:15)
  6 orbs of fire
  A juggernaut (Depths:4)
  Bai Suzhen (Crypt:2)
  Vashnia (Snake:3)
  Sojobo (Vaults:5)
  9 Killer Klowns (Zot:5)
  2 curse toes
  A bone dragon (Depths:4)
  The ghost of MadMike78 the Executioner, a veteran CoBe of Trog (Vaults:3)
  Nikola (Snake:3)
  12 golden dragons
  A profane servitor (Crypt:3)
  2 electric golems (Zot:5)
  A Brimstone Fiend (Zot:4)
  Jorgrun (D:13)
  17 tentacled monstrosities
  4 liches
  An Ice Fiend (D:15)
  28 Orb Guardians
  2 deep elf master archers (Elf:3)
  3 deep elf blademasters (Elf:3)
  2 walking earthen tomes
  11 titans
  11 quicksilver dragons
  A shard shrike skeleton (Crypt:1)
  2 pandemonium lords
  3 Executioners
  Gastronok (D:8)
  13 ancient champions
  7 death cobs
  6 sphinxes
  3 tentacled starspawn (Abyss:3)
  9 tengu reavers
  A thorn hunter (Swamp:3)
  5 draconian monks
  12 shadow dragons
  22 storm dragons
  Donald (Snake:2)
  6 protean progenitors
  6 draconian knights
  2 fenstrider witches
  17 nagarajas (Snake:4)
  9 fire giants
  3 revenants
  4 draconian shifters
  2 iron dragons (Depths:3)
  6 deep elf sorcerers
  7 deep elf elementalists
  20 vault wardens
  14 frost giants
  A balrug (Depths:1)
  2 ghost moths
  A curse skull (Crypt:3)
  6 draconian scorchers
  Louise (Swamp:1)
  A juggernaut zombie (Abyss:3)
  9 draconian annihilators
  13 ghouls
  A spriggan defender (Depths:3)
  4 draconian stormcallers
  An orc warlord (Orc:2)
  19 very ugly things
  2 broodmothers (Zot:2)
  17 ironbound preservers
  A juggernaut skeleton (Abyss:3)
  29 stone giants
  4 formless jellyfish
  An ophan (Abyss:3)
  7 ironbound thunderhulks
  4 eleionomae
  2 lorocyprocas
  11 black draconians
  4 vampire knights
  17 green draconians
  10 deep elf death magi
  9 deep elf demonologists
  5 dire elephants
  4 red draconians
  9 purple draconians
  3 bunyips
  6 white draconians
  A minotaur (Vaults:3)
  10 spark wasps
  7 deep elf annihilators (Elf:3)
  3 war gargoyles
  8 yellow draconians
  3 blizzard demons
  A green death (Depths:4)
  2 mummy priests (Crypt:3)
  3 eidola (Crypt:1)
  8 ettins
  13 jiangshi
  2 deep elf high priests
  2 merfolk impalers (Vaults:3)
  The ghost of MrSquiggles the Nimble, a journeyman DEFE of Hepliaklqana (Lair:4)
  2 crystal guardians (Vaults:2)
  10 fire dragons
  2 shambling mangroves
  3 entropy weavers
  3 rakshasas
  5 great orbs of eyes
  2 hell beasts
  A spriggan zombie (Crypt:1)
  10 ice dragons
  An elf skeleton (Crypt:1)
  A ghost crab (Swamp:2)
  3 peacekeepers (Vaults:2)
  17 yaktaur captains
  Erolcha (D:9)
  15 centaur warriors
  8 anacondas
  35 vault guards
  A spriggan skeleton (Abyss:3)
  A salamander tyrant (Snake:4)
  26 hydras
  2 ogre magi (Vaults:5)
  4 spriggan air magi
  12 two-headed ogres
  8 boulder beetles
  2 catoblepae
  14 alligators
  3 death knights
  16 dancing weapons
  5 death yaks
  12 ironbound frosthearts
  3 deep troll shamans
  2 hell hogs
  Erica (D:8)
  An Orb Guardian skeleton (Crypt:1)
  7 vampire magi
  6 deep troll earth magi
  5 occultists
  18 naga warriors
  13 deep elf knights
  4 shock serpents
  4 demonic crawlers
  7 spriggan berserkers
  Urug (D:11)
  8 tengu warriors
  13 naga sharpshooters
  5 hell knights
  4 orc high priests (Orc:2)
  7 thrashing horrors (Abyss:3)
  3 soul eaters
  3 iron trolls (Depths:4)
  A sun demon (Zot:4)
  2 wretched stars (Abyss:3)
  6 shadow wraiths
  Amaemon (D:11)
  A golden dragon zombie (Crypt:2)
  39 skeletal warriors
  A sea snake (shapeshifter) (Vaults:5)
  6 goliath frogs
  A shadow demon (Abyss:3)
  2 salamander mystics
  A spriggan druid (Swamp:1)
  A glowing orange brain (Depths:3)
  5 flayed ghosts
  12 bog bodies
  38 deep trolls
  A glowing orange brain (shapeshifter) (Vaults:5)
  2 mana vipers
  A death drake (Swamp:4)
  8 arcanists
  4 thermic dynamos (Elf:1)
  An obsidian statue (Zot:5)
  17 phantasmal warriors
  21 ironbound convokers
  8 swamp dragons
  15 deep elf archers
  6 lindwurms
  7 orc knights
  32 deep elf pyromancers
  6 naga ritualists
  9 harpies (Vaults:4)
  A harpy (shapeshifter) (Elf:2)
  Pikel (D:6)
  12 starcursed masses (Abyss:3)
  28 deep elf zephyrmancers
  37 ugly things
  8 orc sorcerers
  6 cyclopes
  A wolf spider (shapeshifter) (Vaults:5)
  A wolf spider (Vaults:5)
  A cyclops (shapeshifter) (Depths:3)
  7 necromancers
  4 will-o-the-wisps
  5 salamanders
  3 manticores
  3 kobold blastminers (Orc:2)
  A worldbinder (Abyss:3)
  8 large abominations
  A manticore (shapeshifter) (Depths:4)
  17 vault sentinels
  3 centaur zombies
  An iron dragon skeleton (Abyss:3)
  2 toenail golems
  25 elephants
  30 black mambas
  4 torpor snails
  25 moths of wrath
  2 rust devils (Zot:1)
  Joseph (D:6)
  5 guardian serpents
  A black mamba (shapeshifter) (Elf:1)
  13 naga magi
  3 gargoyles
  A cane toad (shapeshifter) (D:14)
  A water nymph (shapeshifter) (Vaults:4)
  A smoke demon (Abyss:3)
  A mana viper skeleton (Crypt:1)
  A naga skeleton (Crypt:1)
  An orange demon (D:11)
  11 cane toads
  A tormentor (Zot:5)
  A kobold demonologist (D:12)
  An unseen horror (Abyss:3)
  A minotaur zombie (Crypt:2)
  2 hellions
  An ancient zyme (Abyss:3)
  43 yaktaurs
  7 freezing wraiths
  4 tengu conjurers
  4 rime drakes
  13 komodo dragons
  A centaur skeleton (D:15)
  2 ice devils
  Psyche (D:8)
  A yellow draconian skeleton (Crypt:2)
  A catoblepas skeleton (Crypt:3)
  3 guardian mummies (Crypt:3)
  4 bloated husks
  A purple draconian skeleton (Crypt:2)
  6 trolls
  A polar bear (shapeshifter) (Elf:2)
  12 hornets
  A black draconian skeleton (Crypt:2)
  4 tyrant leeches
  12 polar bears
  An elf simulacrum (Vaults:4)
  A glass eye (Depths:2)
  8 raiju
  21 blink frogs
  A raiju (shapeshifter) (D:9)
  A radroach zombie (Crypt:3)
  A stone giant simulacrum (Crypt:3)
  9 spriggans
  7 wraiths
  2 centaur simulacra (D:15)
  6 wyverns
  31 slime creatures
  A spriggan (shapeshifter) (D:14)
  A culicivora (shapeshifter) (Elf:1)
  Sigmund (D:2)
  4 air elementals
  41 yaks
  An ice dragon skeleton (Crypt:2)
  2 shadows
  A ynoxinul (Zot:4)
  A human (shapeshifter) (Depths:3)
  A slime creature zombie (Crypt:3)
  18 water elementals
  Eustachio (D:5)
  4 ushabtiu (Crypt:3)
  3 golden eyes (Zot:5)
  2 neqoxecs (Abyss:3)
  A redback (shapeshifter) (Vaults:5)
  6 basilisks
  14 wargs
  2 fire elementals (Elf:2)
  15 vampire mosquitoes
  A warg (shapeshifter) (Abyss:3)
  3 redbacks (Vaults:2)
  3 steam dragons (Lair:5)
  Edmund (D:6)
  A harpy simulacrum (Crypt:3)
  14 swamp worms
  25 nagas
  18 hell hounds
  2 acid dragons
  17 water moccasins
  A water moccasin (shapeshifter) (D:14)
  Duvessa (D:4)
  A water nymph skeleton (Crypt:3)
  39 orc warriors
  2 ice beasts
  2 sky beasts
  12 black bears
  11 swamp drakes
  2 small abominations (Abyss:3)
  34 laughing skulls
  4 boggarts
  8 ogres
  27 wolves
  3 centaurs
  A swamp dragon skeleton (Crypt:2)
  4 lemures (D:6)
  A lindwurm skeleton (Crypt:3)
  2 phantoms
  A dream sheep skeleton (Crypt:2)
  A hog skeleton (Crypt:1)
  8 kobold brigands
  4 weeping skulls (Abyss:3)
  10 bullfrogs
  3 earth elementals
  A gnoll sergeant (D:5)
  6 scorpions
  3 wights (D:7)
  Dowan (D:4)
  4 killer bees (D:11)
  A raiju skeleton (Crypt:1)
  A wolf zombie (Crypt:1)
  An electric eel (Lair:5)
  3 bombardier beetles
  7 howler monkeys
  An iron imp (D:3)
  2 hounds
  26 orc priests
  2 jellies
  A gnoll bouda (D:5)
  2 sleepcaps
  Jessica (D:2)
  A basilisk skeleton (Crypt:3)
  2 boggart zombies
  4 iguanas
  14 orc wizards
  6 hell rats
  A deep dwarf skeleton (Crypt:2)
  12 mummies (Crypt:3)
  16 gnolls
  7 adders
  A river rat (D:9)
  3 white imps
  3 ufetubi (Abyss:3)
  An adder zombie (Crypt:3)
  2 ribbon worms
  5 dart slugs
  104 orcs
  15 ball pythons
  8 endoplasms
  8 giant cockroaches
  8 goblins
  10 hobgoblins
  7 jackals (D:1)
  33 kobolds
  4 quokkas
  6 bats
  2 frilled lizards
  A jackal skeleton (Crypt:1)
  A kobold zombie (Crypt:1)
  5 rats
  An aspiring flesh (Zot:4)
  A lurking horror (Abyss:3)
  A starspawn tentacle (Abyss:3)
2405 creatures vanquished.

Vanquished Creatures (others)
  A yaktaur captain (Vaults:1)
  A spriggan druid (Swamp:2)
  14 foxfires
  A starspawn tentacle (Abyss:3)
17 creatures vanquished.

Grand Total: 2422 creatures vanquished

Table legend: (Time is in decaauts)
 A = Elapsed time spent in this place.
 B = Non-inter-level travel time spent in this place.
 C = Inter-level travel time spent in this place.
 D = Time resting spent in this place.
 E = Time spent auto-exploring this place.
 F = Levels seen in this place.
 G = Mean time per level.
                   A        B        C        D        E       F      G
               +--------+--------+--------+--------+--------+-----+--------+
         Total |  79238 |  71714 |   7524 |  18290 |  39442 |  56 | 1415.0 |
       Dungeon |  15603 |  12815 |   2788 |   1418 |   8712 |  15 | 1040.2 |
          Lair |  10061 |   9061 |   1000 |   2323 |   4478 |   5 | 2012.2 |
         Swamp |   4353 |   4163 |    190 |   1276 |   2232 |   4 | 1088.2 |
     Snake Pit |   6857 |   6500 |    357 |   2304 |   3207 |   4 | 1714.2 |
  Orcish Mines |   3010 |   2806 |    204 |    666 |   1656 |   2 | 1505.0 |
   Elven Halls |   4925 |   4725 |    200 |   1629 |   2301 |   3 | 1641.7 |
        Vaults |  12693 |  11399 |   1294 |   2607 |   6701 |   5 | 2538.6 |
         Crypt |   4567 |   4367 |    200 |   1188 |   2293 |   3 | 1522.3 |
        Depths |   6850 |   6381 |    469 |   1370 |   4049 |   4 | 1712.5 |
           Zot |   8300 |   7481 |    819 |   2943 |   3097 |   5 | 1660.0 |
         Abyss |    639 |    639 |      0 |    144 |    212 |   2 |  319.5 |
         Trove |     89 |     89 |      0 |      0 |     49 |   1 |   89.0 |
         Sewer |    361 |    361 |      0 |      0 |    246 |   1 |  361.0 |
        Bailey |    640 |    640 |      0 |    300 |    149 |   1 |  640.0 |
       Volcano |    283 |    283 |      0 |    118 |     56 |   1 |  283.0 |
               +--------+--------+--------+--------+--------+-----+--------+

Top non-repeatable levels by time:
 Snake:4: 3695 daAuts
Vaults:1: 3233 daAuts
Vaults:4: 3033 daAuts
  Lair:5: 2966 daAuts
Vaults:5: 2778 daAuts
   Zot:5: 2660 daAuts
   Orc:2: 2655 daAuts
  Lair:4: 2251 daAuts
Depths:2: 2064 daAuts
Vaults:2: 2011 daAuts
Depths:3: 1998 daAuts
    D:15: 1945 daAuts
 Swamp:4: 1913 daAuts
Depths:4: 1874 daAuts
  Lair:1: 1865 daAuts

Table legend:
 A = Non-vault XP
 B = Vault XP
 C = Vault XP percentage of total XP
 D = Non-vault monster count
 E = Vault monster count
 F = Vault count percentage of total count
                 A         B        C        D         E       F
            +---------+---------+-------+---------+---------+-------
      Total |  816472 |  664733 |  44.9 |    1460 |     901 |  38.2
            +---------+---------+-------+---------+---------+-------
        D:1 |      51 |       5 |   8.9 |      19 |       5 |  20.8
        D:2 |      60 |     254 |  80.9 |      13 |       4 |  23.5
        D:3 |     159 |      55 |  25.7 |      31 |       5 |  13.9
        D:4 |     223 |     221 |  49.8 |      17 |       2 |  10.5
        D:5 |     776 |     206 |  21.0 |      24 |       6 |  20.0
        D:6 |     818 |    1231 |  60.1 |      29 |       3 |   9.4
        D:7 |     575 |     310 |  35.0 |      17 |       3 |  15.0
        D:8 |     270 |    2696 |  90.9 |       5 |       3 |  37.5
        D:9 |    1284 |    1743 |  57.6 |       8 |      11 |  57.9
       D:10 |    1487 |       0 |   0.0 |      13 |       0 |   0.0
       D:11 |    4357 |    2433 |  35.8 |      23 |       6 |  20.7
       D:12 |    5371 |       0 |   0.0 |      33 |       0 |   0.0
       D:13 |   14139 |    4108 |  22.5 |      28 |       4 |  12.5
       D:14 |   15104 |       0 |   0.0 |      35 |       0 |   0.0
       D:15 |    9721 |    9061 |  48.2 |      15 |      16 |  51.6
     Lair:1 |    5289 |       0 |   0.0 |      24 |       0 |   0.0
     Lair:2 |    4036 |     572 |  12.4 |      14 |       4 |  22.2
     Lair:3 |    6972 |     489 |   6.6 |      28 |       3 |   9.7
     Lair:4 |   14380 |    2074 |  12.6 |      41 |       5 |  10.9
     Lair:5 |   16825 |   16273 |  49.2 |      52 |      74 |  58.7
    Swamp:1 |   13642 |    1185 |   8.0 |      27 |       1 |   3.6
    Swamp:2 |   18407 |       0 |   0.0 |      33 |       0 |   0.0
    Swamp:3 |   10770 |       0 |   0.0 |      18 |       0 |   0.0
    Swamp:4 |    9856 |   22605 |  69.6 |      16 |      33 |  67.3
    Snake:1 |    8333 |       0 |   0.0 |      19 |       0 |   0.0
    Snake:2 |   15255 |    1371 |   8.2 |      28 |       1 |   3.4
    Snake:3 |    6849 |    7929 |  53.7 |      14 |       5 |  26.3
    Snake:4 |   11533 |   45357 |  79.7 |      23 |      53 |  69.7
      Orc:1 |     499 |      24 |   4.6 |       3 |       8 |  72.7
      Orc:2 |     189 |   24785 |  99.2 |       1 |     149 |  99.3
      Elf:1 |   22567 |   10194 |  31.1 |      37 |      17 |  31.5
      Elf:2 |   20920 |    3728 |  15.1 |      36 |       4 |  10.0
      Elf:3 |   20469 |   37702 |  64.8 |      31 |      32 |  50.8
   Vaults:1 |   34894 |   30691 |  46.8 |      54 |      40 |  42.6
   Vaults:2 |   20371 |   23117 |  53.2 |      25 |      30 |  54.5
   Vaults:3 |   21577 |   13929 |  39.2 |      32 |      15 |  31.9
   Vaults:4 |   33724 |   20046 |  37.3 |      53 |      29 |  35.4
   Vaults:5 |   27924 |  125178 |  81.8 |      39 |     107 |  73.3
    Crypt:1 |   42004 |     997 |   2.3 |      62 |       4 |   6.1
    Crypt:2 |   24104 |    5030 |  17.3 |      42 |       2 |   4.5
    Crypt:3 |   28312 |   28039 |  49.8 |      44 |      44 |  50.0
   Depths:1 |   16480 |    2968 |  15.3 |      26 |       3 |  10.3
   Depths:2 |   34594 |   24635 |  41.6 |      39 |      24 |  38.1
   Depths:3 |   17025 |   39258 |  69.8 |      18 |      37 |  67.3
   Depths:4 |   34178 |   22466 |  39.7 |      38 |      17 |  30.9
      Zot:1 |   33305 |       0 |   0.0 |      32 |       0 |   0.0
      Zot:2 |   41792 |    2452 |   5.5 |      35 |       2 |   5.4
      Zot:3 |   35829 |   22008 |  38.1 |      32 |      13 |  28.9
      Zot:4 |   30472 |       0 |   0.0 |      23 |       0 |   0.0
      Zot:5 |   47238 |  104197 |  68.8 |      41 |      42 |  50.6
    Abyss:3 |   31463 |       0 |   0.0 |      70 |       0 |   0.0
      Sewer |       0 |     328 | 100.0 |       0 |      20 | 100.0
     Bailey |       0 |    1698 | 100.0 |       0 |      12 | 100.0
    Volcano |       0 |    1085 | 100.0 |       0 |       3 | 100.0
            +---------+---------+-------+---------+---------+-------
